 Dungeon Crawl Stone Soup version 0.16-a0-3633-g6873515 (webtiles) character file.

23 sadger the Sneak (level 2, 22/22 HPs)
             Began as a Vampire Assassin on Jan 13, 2015.
             Quit the game on level 1 of the Dungeon on Jan 14, 2015.
             The game lasted 00:04:54 (1210 turns).

sadger the Sneak (Vampire Assassin)                 Turns: 1210, Time: 00:04:54

Health: 22/22      AC:  3    Str: 10    XL:     2   Next: 75%
Magic:  2/2        EV: 12    Int: 13    God:
Gold:   26         SH:  0    Dex: 15    Spells: 0 memorised, 1 level left

rFire  . . .     SeeInvis +     a - +2 dagger
rCold  . . .     Clarity  .     c - +0 robe
rNeg   + . .     SustAb   .     (no shield)
rPois  .         Gourm    .     (no helmet)
rElec  .         Spirit   .     d - +0 cloak
rCorr  .         Warding  .     (no gloves)
rMut   .         Stasis   +     (no boots)
MR     .....                    n - amulet of stasis
Stlth  ++++......               (no ring)
                                l - ring of positive energy

@: regenerating quickly, not resistant to hostile enchantments, stealthy
A: bottle blood, fangs 3, see invisible, unbreathing
a: no special abilities


You were on level 1 of the Dungeon.
You were very full.

You visited 1 branch of the dungeon, and saw 1 of its levels.

You collected 26 gold pieces.

Inventory:

Hand weapons
 a - a +2 dagger (weapon)
 b - a +0 blowgun
Missiles
 e - 8 poisoned needles
 f - 2 curare-tipped needles
Armour
 c - a +0 robe (worn)
 d - a +0 cloak (worn)
Jewellery
 l - a ring of positive energy (left hand)
 n - an amulet of stasis (around neck)
Scrolls
 i - a scroll of identify
 j - a scroll of remove curse
Potions
 g - a potion of blood
 h - a potion of curing {unknown}
 k - 2 potions of agility
 m - a potion of heal wounds {unknown}


   Skills:
 - Level 1.7 Fighting
 + Level 2.6 Short Blades
 - Level 1.7 Throwing
 - Level 1.1 Dodging
 + Level 6.8 Stealth


You had one spell level left.
You didn't know any spells.

Dungeon Overview and Level Annotations

Branches:
Dungeon (1/15)

Altars:


Innate Abilities, Weirdness & Mutations

Your natural rate of healing is unusually fast.
You can bottle blood from corpses.
You have razor-sharp teeth.
You have supernaturally acute eyesight.
You can survive without breathing.


Message History

No command named 'CMD_OPEN_DOOR_LEFT'; No command named 'CMD_OPEN_DOOR_DOWN' No command named 'CMD_OPEN_DOOR_UP'; No command named 'CMD_OPEN_DOOR_RIGHT' No command named 'CMD_OPEN_DOOR_UP_LEFT' No command named 'CMD_OPEN_DOOR_UP_RIGHT' No command named 'CMD_OPEN_DOOR_DOWN_LEFT' No command named 'CMD_OPEN_DOOR_DOWN_RIGHT' Welcome back, sadger the Vampire Assassin.
Press ? for a list of commands and other information.
There's nothing here to drain!
There's nothing here to drain!
Saving game... please wait.
No command named 'CMD_OPEN_DOOR_LEFT'; No command named 'CMD_OPEN_DOOR_DOWN' No command named 'CMD_OPEN_DOOR_UP'; No command named 'CMD_OPEN_DOOR_RIGHT' No command named 'CMD_OPEN_DOOR_UP_LEFT' No command named 'CMD_OPEN_DOOR_UP_RIGHT' No command named 'CMD_OPEN_DOOR_DOWN_LEFT' No command named 'CMD_OPEN_DOOR_DOWN_RIGHT' Welcome back, sadger the Vampire Assassin.
Press ? for a list of commands and other information.
Are you sure you want to abandon this character and quit the game? (Confirm with "yes".)

###..............)........#......
# #.......#...............####.##
# #.......#...............# #.#.
# #########..#............####.#.
# #..........#...............#.#.
# #...................######.#.#.
# #.........#....#.##........#.#.
# #...###...#[...#.########..#.#.
# #...###...#...@#........#..#.#.
###.........##...########.#..#...
..###.......##............#..###.
#.........####..###########..##..
#.........# #..>.............##.#
#.........# #...##..............#
#.........# #....#.........#.####
#.###.....# #..............#.#...
#.# #.....# #....###########.#.##


There were no monsters in sight!

Vanquished Creatures
  A goblin (D:1)
  2 hobgoblins (D:1)
  6 jackals (D:1)
  4 bats (D:1)
  4 giant newts (D:1)
  2 kobolds (D:1)
  5 rats (D:1)
24 creatures vanquished.

Notes
Turn   | Place    | Note
--------------------------------------------------------------
     0 | D:1      | sadger, the Vampire Assassin, began the quest for the Orb.
     0 | D:1      | Reached XP level 1. HP: 16/16 MP: 1/1
   165 | D:1      | Reached skill level 6 in Stealth
   350 | D:1      | Reached XP level 2. HP: 4/22 MP: 2/2
  1199 | D:1      | Upgraded the game from 0.16-a0-3612-g267631e to 0.16-a0-3633-g6873515
  1210 | D:1      | Quit the game

Action                   || total
-------------------------++-------
Melee: Dagger            ||    45
 Fire: Blowgun           ||     2
  Use: Scroll            ||     2
 Stab: Sleeping          ||     6
       Distracted        ||     1
  Eat: Corpse            ||     9
